 Dungeon Crawl Stone Soup version 0.30.0-29-ga12c61a403 (webtiles) character file.

Game seed: 8241332397201605739

40 BONEBRO the Ruffian (level 3, -7/36 HPs)
             Began as a Troll Berserker on June 20, 2023.
             Was a Follower of Trog.
             Killed by divine providence
             ... invoked by an orc priest
              (11 damage)
             ... on level 3 of the Dungeon.
             The game lasted 00:03:14 (1896 turns).

BONEBRO the Ruffian (Troll Berserker)               Turns: 1896, Time: 00:03:21

Health: -7/36      AC:  5    Str: 27    XL:     3   Next: 30%
Magic:  2/2        EV: 10    Int:  3    God:    Trog [*.....]
Gold:   153        SH:  0    Dex:  9    Spells: 2/2 levels left

rFire   . .          .
                       - Unarmed
rCold   . . .        (no shield)
rNeg    . . .        a - +0 animal skin
rPois   .            (helmet restricted)
rElec   .            s - +0 cloak
rCorr   .            (gloves unavailable)
SInv    .            (boots unavailable)
Will    .....        (no amulet)
Stlth   +            (no ring)
HPRegen 1.06/turn    (no ring)
MPRegen 0.08/turn

%: no passive effects
@: no status effects
A: large, unfitting armour, claws 3, regeneration 1, shaggy fur 1, tough skin 1
a: Renounce Religion, Berserk


You were on level 3 of the Dungeon.
You worshipped Trog.
Trog was aware of your devotion.
You visited 1 branch of the dungeon, and saw 3 of its levels.

You collected 153 gold pieces.

Inventory:

Missiles
 g - 22 stones (quivered)
 m - 8 poisoned darts
Armour
 a - a +0 animal skin (worn)
 s - a +0 cloak (worn)
Jewellery
 o - an amulet of magic regeneration
Scrolls
 b - a scroll of blinking {unknown}
 c - a scroll of teleportation {unknown}
 d - 3 scrolls of fog {unknown}
 h - a scroll of poison {unknown}
 j - a scroll of fear {unknown}
 l - a scroll of immolation {unknown}
 p - 2 scrolls of vulnerability {unknown}
 r - a scroll of identify {unknown}
 t - a scroll of torment {unknown}
Potions
 e - a potion of brilliance {unknown}
 f - 2 potions of curing {unknown}
 i - a potion of lignification {unknown}
 k - a potion of ambrosia {unknown}
 n - a potion of haste {unknown}
 q - a potion of might {unknown}


   Skills:
 - Level 2.4 Fighting
 - Level 2.4 Dodging
 + Level 4.4 Unarmed Combat


You had 2 spell levels left.
You didn't know any spells.
Your spell library was empty.

Dungeon Overview and Level Annotations

Branches:
Dungeon (3/15)

Altars:


Innate Abilities, Weirdness & Mutations

You are too large for most types of armour.
You have claws for hands.
Your natural rate of healing is unusually fast.
You are covered in fur. (AC +1)
You have tough skin. (AC +1)


Message History

The endoplasm quivers.
The endoplasm freezes you.
You are frozen.
You scratch the endoplasm.
The endoplasm is almost dead.
The endoplasm hits you.
You claw the endoplasm!
You kill the endoplasm!
Trog accepts your kill.
No target in view!
No target in view!
An orc priest comes into view. It is wielding a +0 short sword.
The orc priest shouts!
The orc priest moves out of view.
An orc comes into view. It is wielding a +0 club.
An orc priest comes into view. It is wielding a +0 hand axe.
Found a scroll labelled KIT UTHRESCHAABA.
The orc shouts!
The orc priest shouts!
The orc priest moves out of view.
You start waiting.
An orc is nearby!
The orc hits you with a +0 club.
You claw the orc!
You kill the orc!
Trog accepts your kill.
The orc priest invokes the aid of Beogh against you.
Beogh smites you!
You claw the orc priest!
The orc priest is heavily wounded.
The orc priest hits you with a +0 short sword.
The orc priest calls upon Beogh to heal the orc priest.
The orc priest is healed somewhat.
You claw the orc priest!
The orc priest is severely wounded.
The orc priest invokes the aid of Beogh against you.
Beogh smites you!
* * * LOW HITPOINT WARNING * * *
The orc priest mumbles some strange prayers to Beogh against you.
Beogh smites you!
You die...

#...†.................? #.#
#.##########..#.#.##..# #.# #.#
#..#.#.##..# #.# #.#
#.......#oo# #.# #.#.#
#.##.####..# ##.# #.#.# #.##.#
#..# #... #.#.# #.##.# #..# #.#.
#.#.# #.##.# #..# ##.#. #.#.#
#.##@####..#.#.##..#. #.#.#
#....o.o.......##.###
#.#.########.##.####....###..#.#
#.........:..##......####...##.#
###.#####..###########....###...
#.# ##..# #.......####...⌠.
#.#######.####.#####....###...
#..................####...##)#
###############.##.# ###[.#.#


You could see 2 orc priests.

Vanquished Creatures
  A worm (D:2)
  An orc (D:3)
  3 endoplasms
  3 giant cockroaches
  4 goblins
  A hobgoblin (D:3)
  4 jackals
  3 quokkas
  2 ball pythons
  3 bats
  A frilled lizard (D:2)
  2 kobolds (D:1)
  4 rats
32 creatures vanquished.

Notes
Turn   | Place    | Note
-------+----------+-------------------------------------------
     0 | D:1      | BONEBRO the Troll Berserker began the quest for the Orb.
     0 | D:1      | Reached XP level 1. HP: 22/22 MP: 0/0
   105 | D:1      | Found a faded altar of an unknown god.
   224 | D:1      | Reached XP level 2. HP: 29/29 MP: 1/1
   745 | D:2      | Reached skill level 4 in Unarmed Combat
   916 | D:2      | Reached XP level 3. HP: 36/36 MP: 2/2
  1896 | D:3      | Killed from afar by an orc priest

Illustrated notes

Levels and vault maps discovered:
D:1:      dpeg_arrival_rooms_a, layout_basic, basic_ecumenical_altar,
          serial_corexii_hall, chequers_hall_statues_corner_a,
          corexii_hall_statues_deadend
D:2:      wander_river, layout_loops_ring
D:3:      minmay_general_purpose_star, layout_basic, minivault_5,
          minmay_misc_feat_doors, serial_bayou_pond_c

Skill      XL: |  1  2 |
---------------+-------+-----
Unarmed Combat | 4 |  4.4
Fighting       | |  2.4
Dodging        | |  2.4

Action                     || total
---------------------------++-------
  Melee: Unarmed           ||    80
         Punch             ||     1
 Armour: Animal skin       ||    20
  Dodge: Dodged            ||    41
